 Dungeon Crawl Stone Soup version 0.28.0 (webtiles) character file.

Game seed: 3412656505554608823

7 crazypyro the Skirmisher (level 2, 32/32 HPs)
             Began as an Ogre Monk on Feb 15, 2022.
             Was a Believer of Fedhas.
             Quit the game on level 1 of the Dungeon.
             The game lasted 00:00:53 (341 turns).

crazypyro the Skirmisher (Ogre Monk)                 Turns: 341, Time: 00:00:54

Health: 32/32      AC:  3    Str: 14    XL:     2   Next: 4%
Magic:  2/2        EV: 10    Int: 11    God:    Fedhas [**....]
Gold:   17         SH:  0    Dex: 11    Spells: 1/1 levels left

rFire   . . .      SeeInvis .   a - +0 mace
rCold   . . .      Faith    .   (no shield)
rNeg    . . .      Spirit   .   b - +0 robe
rPois   .          Reflect  .   (helmet restricted)
rElec   .          Harm     .   (no cloak)
rCorr   .          Rampage  .   (gloves unavailable)
Will    .....                   (boots unavailable)
Stlth   ++........              (no amulet)
HPRegen 0.10/turn               (no ring)
MPRegen 0.08/turn               (no ring)

@: no status effects
A: large, unfitting armour, tough skin 1
a: Renounce Religion, Wall of Briars


You were on level 1 of the Dungeon.
You worshipped Fedhas.
Fedhas was pleased with you.
You visited 1 branch of the dungeon, and saw 1 of its levels.

You collected 17 gold pieces.

Inventory:

Hand Weapons
 a - a +0 mace (weapon)
Armour
 b - a +0 robe (worn)
Scrolls
 c - a scroll of silence {unknown}
 d - a scroll of identify {unknown}


   Skills:
 - Level 4.0 Fighting
 * Level 3.2 Maces & Flails
 - Level 2.6 Dodging
 - Level 1.4 Stealth


You had one spell level left.
You didn't know any spells.
Your spell library was empty.

Dungeon Overview and Level Annotations

Branches:
Dungeon (1/15)

Altars:
Fedhas


Innate Abilities, Weirdness & Mutations

You are too large for most types of armour.
You have tough skin. (AC +1)


Message History

No target in view!
Things that are here:
a +0 dagger; a goblin corpse You now have 17 gold pieces.
c - a scroll labelled QOOXZU UD COMIOC
Found 21 stones.
An endoplasm comes into view.
A frilled lizard comes into view.
The endoplasm quivers.
You hit the endoplasm.
The endoplasm is heavily wounded.
The frilled lizard hisses angrily.
The endoplasm freezes you.
You are frozen.
You barely miss the endoplasm.
The endoplasm is heavily wounded.
The endoplasm freezes you.
You are frozen.
You hit the endoplasm.
You kill the endoplasm!
Fedhas accepts your kill. The frilled lizard closely misses you.
You have reached level 2!
You closely miss the frilled lizard. The frilled lizard bites you.
You miss the frilled lizard. The frilled lizard barely misses you.
You miss the frilled lizard. The frilled lizard barely misses you.
The frilled lizard closely misses you.
You hit the frilled lizard but do no damage.
The frilled lizard barely misses you.
You barely miss the frilled lizard. The frilled lizard bites you.
You closely miss the frilled lizard. The frilled lizard bites you.
You miss the frilled lizard. The frilled lizard bites you.
You miss the frilled lizard. The frilled lizard barely misses you.
The frilled lizard bites you but does no damage.
You hit the frilled lizard.
You kill the frilled lizard!
Fedhas appreciates your contribution to the ecosystem.
HP restored.
d - a scroll labelled IGITYO UNURA Are you sure you want to abandon this character and quit the game? (Confirm with "yes".)

## ### . ..# #. #.# #.###.##
###.#...... .........# #####
#.#.#...###...####.#
.###..###.............#
.......#.#####..@##### .##.....##
##.## ........# #...# .# #.
........## #...# #. .... g
#........# #...# #.#.#.#.#
#...#.##.# #...#######......
#.....##.# #..... ..##.#..
#.....##.#####...#####.##..#
#(....##...............##..######


There were no monsters in sight!

Vanquished Creatures
  An endoplasm (D:1)
  A giant cockroach (D:1)
  A hobgoblin (D:1)
  A ball python (D:1)
  3 frilled lizards (D:1)
  A goblin (D:1)
8 creatures vanquished.

Notes
Turn   | Place    | Note
-------+----------+-------------------------------------------
     0 | D:1      | crazypyro the Ogre Monk began the quest for the Orb.
     0 | D:1      | Reached XP level 1. HP: 24/24 MP: 1/1
    67 | D:1      | Found a faded altar of an unknown god.
   113 | D:1      | Prayed at the altar of an unknown god.
   113 | D:1      | Became a worshipper of Fedhas Madash
   113 | D:1      | Reached * piety under Fedhas
   113 | D:1      | Reached ** piety under Fedhas
   177 | D:1      | Reached XP level 2. HP: 23/32 MP: 2/2
   341 | D:1      | Quit the game

Illustrated notes

Levels and vault maps discovered:
D:1:      minmay_arrival_jagged, layout_loops_cross,
          chequers_ecumenical_altar_island, st_stairs_2

Skill      XL: |  1 |
---------------+----+-----
Maces & Flails | 3 |  3.2
Fighting       | |  4.0
Dodging        | |  2.6
Stealth        | |  1.4

Action                   || total
-------------------------++-------
Melee: Mace              ||    24
       Punch             ||     1
 Stab: Sleeping          ||     1
Armor: Robe              ||     8
Dodge: Dodged            ||     9
